 Dungeon Crawl Stone Soup version 0.31-a0-1611-g890cdf5628 (webtiles) character file.

Game seed: 18128580934593014376

93 zenocrate the Sneak (level 4, 0/21 HPs)
             Began as a Vine Stalker Enchanter on Jan 8, 2024.
             Killed by divine providence
             ... invoked by an orc priest
              (12 damage)
             ... on level 4 of the Dungeon.
             The game lasted 00:02:26 (2558 turns).

zenocrate the Sneak (Vine Stalker Enchanter)        Turns: 2558, Time: 00:02:28

Health: 0/21       AC:  4    Str: 11    XL:     4   Next: 61%
Magic:  0/8        EV: 12    Int: 15    God:
Gold:   166        SH:  0    Dex: 16    Spells: 2/7 levels left

rFire   . . .        b - +0 dagger (venom)
rCold   . . .        (no shield)
rNeg    . . .        p - +0 robe
rPois   .            (no helmet)
rElec   .            o - +0 cloak
rCorr   .            (no gloves)
SInv    .            e - +0 pair of boots
Will    +....        (no amulet)
Stlth   +++          g - ring of willpower
HPRegen 1.03/turn    (no ring)
MPRegen 0.11/turn

%: guardian spirit
@: no status effects
A: fangs 2, regeneration 1, magic shield, antimagic bite, no potion heal 2
a: no special abilities


You were on level 4 of the Dungeon.
You visited 1 branch of the dungeon, and saw 4 of its levels.

You collected 166 gold pieces.

Inventory:

Hand Weapons
 a - a +1 dagger
 b - a +0 dagger of venom (weapon)
Missiles
 h - 8 javelins
 l - 9 poisoned darts (quivered)
Armour
 e - a +0 pair of boots (worn)
 o - a +0 cloak (worn)
 p - a +0 robe (worn)
Jewellery
 g - a ring of willpower (left hand)
Wands
 q - a wand of paralysis (9)
 u - a wand of digging (4)
Scrolls
 d - a scroll of amnesia {unknown}
 i - a scroll of revelation {unknown}
 k - a scroll of immolation {unknown}
 r - 2 scrolls of identify {unknown}
 t - a scroll of butterflies {unknown}
Potions
 c - 2 potions of invisibility
 f - 2 potions of curing {unknown}
 j - a potion of mutation {unknown}
 m - a potion of lignification {unknown}
 n - a potion of heal wounds {unknown}
 s - a potion of attraction {unknown}


   Skills:
 - Level 0.5 Fighting
 + Level 2.1 Short Blades
 + Level 1.7 Dodging
 + Level 4.5 Stealth
 - Level 2.1 Spellcasting
 + Level 3.6 Hexes
 + Level 1.2 Ice Magic


You had 2 spell levels left.
You knew the following spells:

 Your Spells              Type           Power      Damage    Failure   Level
a - Ensorcelled Hibernat  Hex/Ice        18%        N/A       12%         2
b - Confusing Touch       Hex            12%        N/A       14%         3

Your spell library contained the following spells:

 Spells                   Type           Power      Damage    Failure   Level
 Sandblast                Erth           2%         2d4       22%         1
 Scorch                   Fire           2%         2d5       32%         2
 Tukima's Dance           Hex            12%        N/A       14%         3
 Dazzling Flash           Conj/Hex       14%        N/A       30%         3
 Passwall                 Erth           1%         N/A       54%         3
 Stone Arrow              Conj/Erth      2%         3d7       54%         3
 Brom's Barrelling Bould  Conj/Erth      1%         2d3       91%         4
 Flame Wave               Conj/Fire      1%         2d4       91%         4
 Olgreb's Toxic Radiance  Alch           1%         N/A       91%         4
 Summon Cactus Giant      Summ           0%         N/A       100%        6
 Ozocubu's Refrigeration  Ice            2%         4d8       100%        7
 Discord                  Hex            6%         N/A       100%        8


Dungeon Overview and Level Annotations

Branches:
Dungeon (4/15)
 Temple: D:4-7

Altars:
Fedhas
Okawaru
Qazlal
Sif Muna


Innate Abilities, Weirdness & Mutations

You have extremely sharp teeth.
Your natural rate of healing is unusually fast.
When hurt, damage is shared between your health and your magic reserves.
Your bite disrupts and absorbs the magic of your enemies.
Potions cannot restore your health.


Message History

You see here a +0 whip.
There is a stone staircase leading down here.
You climb downwards.
Found a robe.
There is a stone staircase leading up here.
An orc comes into view. It is wielding a +0 dagger.
Found a stone staircase leading down.
An orc priest comes into view. It is wielding a +0 club.
An adder comes into view.
An orc priest comes into view. It is wielding a +0 club.
The orc priest shouts!
You hear a shout!
The adder hisses angrily.
The orc priest barely misses you.
An orc priest comes into view. It is wielding a +0 heavy hand axe.
The orc priest attacks as it pursues you!
The orc priest barely misses you. The orc attacks as it pursues you!
The orc closely misses you. The orc attacks as it pursues you!
The orc hits you but does no damage. The orc attacks as it pursues you!
The orc misses you.
There is a stone staircase leading up here.
Casting: Confusing Touch (extremely dangerous; 16% risk of failure)
Confirm with . or Enter, or press ? or * to list all spells.
Aiming: Ensorcelled Hibernation (safe; 12% risk of failure)
Press: ? - help, Shift-Dir - straight line, f - orc
Aim: an orc, wielding a +0 dagger (chance to affect: 59%)
The orc looks drowsy...
The helpless orc fails to defend itself.
You impale the orc!!
You kill the orc!
The orc priest calls down the wrath of Beogh upon you.
Pain shoots through your body!
Casting: Ensorcelled Hibernation (safe; 12% risk of failure)
Confirm with . or Enter, or press ? or * to list all spells.
Aiming: Ensorcelled Hibernation (safe; 12% risk of failure)
Press: ? - help, Shift-Dir - straight line, f - orc priest
Aim: an orc priest, wielding a +0 club (chance to affect: 43%)
The orc priest resists with some effort.
The orc priest invokes the aid of Beogh against you.
Beogh smites you!
Ouch! That really hurt!
You die...

...#..##.#
#.#.....#
#...##..# #
#....#..# #
#.#.......# .#
#.....#.o>#.o#
####...#.#o.o.#
#....#.#o#.##.#
#[....@).#S. #
#..#######..#
#.. #..# ##
...# ##.# .#


You could see an orc priest.

Vanquished Creatures
  A sleepcap (D:3)
  An adder (D:2)
  A dart slug (D:3)
  An orc (D:4)
  7 endoplasms
  2 hobgoblins
  7 jackals (D:1)
  2 quokkas
  2 ball pythons
  5 bats
  6 frilled lizards
  8 goblins
  8 kobolds
  5 rats
56 creatures vanquished.

Notes
Turn   | Place    | Note
-------+----------+-------------------------------------------
     0 | D:1      | zenocrate the Vine Stalker Enchanter began the quest for
                  | the Orb.
     0 | D:1      | Reached XP level 1. HP: 9/9 MP: 4/4
    73 | D:1      | Reached skill level 1 in Short Blades
   140 | D:1      | Reached XP level 2. HP: 13/13 MP: 6/6
   143 | D:1      | Learned a level 2 spell: Ensorcelled Hibernation
   282 | D:1      | Reached skill level 4 in Stealth
   757 | D:1      | Reached XP level 3. HP: 16/17 MP: 5/7
  1414 | D:2      | Learned a level 3 spell: Confusing Touch
  1422 | D:2      | Reached skill level 1 in Ice Magic
  1862 | D:3      | Found a stormy altar of Qazlal.
  1873 | D:3      | Found a shimmering blue altar of Sif Muna.
  1878 | D:3      | Found a blossoming altar of Fedhas.
  1885 | D:3      | Found an iron altar of Okawaru.
  1986 | D:3      | Reached XP level 4. HP: 21/21 MP: 8/8
  2388 | D:3      | HP: 1/21 [sleepcap (12)]
  2558 | D:4      | Killed from afar by an orc priest

Illustrated notes

Levels and vault maps discovered:
D:1:      minmay_arrival_semitransparent, layout_basic, kennysheep_doodads
D:2:      layout_basic, minmay_goblin_outpost
D:3:      layout_loops_ring, nicolae_overflow_macrodata_refinement,
          nicolae_concentric_dashed_squares_mild
D:4:      layout_basic, mainiacjoe_overflow_cross_hatched

Skill      XL: |  1  2  3  4 |
---------------+-------------+-----
Short Blades   | 1 2 |  2.1
Stealth        | 4 |  4.5
Ice Magic      | 1 |  1.2
Fighting       | |  0.5
Dodging        | |  1.7
Spellcasting   | |  2.1
Hexes          | |  3.6

Action                     |  1- 3 |  4- 6 || total
---------------------------+-------+-------++-------
  Melee: Dagger            |   120 |    26 ||   146
         Bite              |    36 |    12 ||    48
  Throw: Dart              |     2 |       ||     2
   Cast: Ensorcelled Hiber |     4 |     2 ||     6
         Confusing Touch   |       |     1 ||     1
   Stab: Sleeping          |    10 |     3 ||    13
         Confused          |       |     1 ||     1
 Armour: Robe              |    68 |    12 ||    80
  Dodge: Dodged            |    83 |    15 ||    98

Table legend: (Time is in decaauts)
 A = Elapsed time spent in this place.
 B = Non-inter-level travel time spent in this place.
 C = Inter-level travel time spent in this place.
 D = Time resting spent in this place.
 E = Time spent auto-exploring this place.
 F = Levels seen in this place.
 G = Mean time per level.
                   A        B        C        D        E       F      G
               +--------+--------+--------+--------+--------+-----+--------+
         Total |   2545 |   2473 |     72 |      0 |   1983 |   4 |  636.2 |
       Dungeon |   2545 |   2473 |     72 |      0 |   1983 |   4 |  636.2 |
               +--------+--------+--------+--------+--------+-----+--------+

Top non-repeatable levels by time:
     D:1: 913 daAuts
     D:2: 895 daAuts
     D:3: 720 daAuts
     D:4: 15 daAuts
